 Dungeon Crawl Stone Soup version 0.28-a0-172-g787e458d71 (webtiles) character file.

Game seed: 5622999045877782216

261 pokeman the Magician (level 5, -3/29 HPs)
             Began as a Deep Elf Hedge Wizard on Aug 16, 2021.
             Killed by divine providence
             ... invoked by an orc priest
              (17 damage)
             ... on level 4 of the Dungeon.
             The game lasted 00:07:44 (5072 turns).

pokeman the Magician (Deep Elf Hedge Wizard)        Turns: 5072, Time: 00:07:45

Health: -3/29      AC:  3    Str:  7    XL:     5   Next: 96%
Magic:  0/16       EV: 12    Int: 20    God:
Gold:   153        SH:  0    Dex: 14    Spells: 6/17 levels left

rFire   . . .      SeeInvis .   a - +0 dagger
rCold   . . .      Faith    .   (no shield)
rNeg    . . .      Spirit   .   g - +0 leather armour
rPois   .          Reflect  .   c - +0 hat
rElec   .          Harm     .   (no cloak)
rCorr   .          Rampage  .   (no gloves)
Will    .....                   (no boots)
Stlth   ++........              (no amulet)
HPRegen 0.09/turn               (no ring)
MPRegen 0.15/turn               (no ring)

@: no status effects
A: no striking features
a: no special abilities


You were on level 4 of the Dungeon.
You visited 1 branch of the dungeon, and saw 4 of its levels.

You collected 153 gold pieces.

Inventory:

Hand Weapons
 a - a +0 dagger (weapon)
Missiles
 f - 24 bolts
Armour
 c - a +0 hat (worn)
 g - a +0 leather armour (worn)
 k - a +0 buckler
Jewellery
 q - a ring of ice
Scrolls
 d - a scroll of fog {unknown}
 e - 4 scrolls of identify {unknown}
 h - a scroll of summoning {unknown}
 i - a scroll of teleportation {unknown}
 j - 2 scrolls of silence {unknown}
 l - 2 scrolls of brand weapon {unknown}
 o - a scroll of enchant weapon {unknown}
 p - a scroll of noise {unknown}
Potions
 b - 4 potions of degeneration {unknown}
 m - a potion of magic {unknown}
 n - a potion of curing {unknown}


   Skills:
 - Level 1.0 Fighting
 - Level 1.0 Armour
 - Level 3.0 Dodging
 - Level 3.0 Stealth
 - Level 1.0 Shields
 * Level 6.6 Spellcasting
 + Level 3.0 Conjurations
 - Level 1.1 Summonings
 - Level 1.1 Translocations
 - Level 1.0 Fire Magic
 + Level 0.0 Air Magic
 + Level 0.0 Poison Magic


You had 6 spell levels left.
You knew the following spells:

 Your Spells              Type           Power      Damage    Failure   Level
a - Magic Dart            Conj           72%        1d6       4%          1
b - Mephitic Cloud        Conj/Pois/Air  10%        N/A       28%         3
c - Call Imp              Summ           11%        N/A       14%         2
d - Blink                 Tloc           N/A        N/A       14%         2
e - Conjure Flame         Conj/Fire      14%        6-21      19%         3

Your spell library contained the following spells:

 Spells                   Type           Power      Damage    Failure   Level
 Slow                     Hex            6%         N/A       22%         2


Dungeon Overview and Level Annotations

Branches:
Dungeon (4/15)
 Temple: D:4-7

Altars:
Kikubaaqudgha

Shops:
D:1 =   D:2 [

Annotations:
D:4 Grinder, Robin


Message History

The stinking cloud engulfs the orc but does no damage.
You hear a shout! x2
The jackal is engulfed in noxious fumes.
The jackal appears confused.
The orc priest misses you.
The orc is engulfed in noxious fumes.
The orc appears confused.
The orc gestures wildly.
The jackal is engulfed in noxious fumes.
The jackal appears confused.
Grinder comes into view.
Unknown command.
Unknown command.
The orc priest barely misses you.
The orc is engulfed in noxious fumes.
The orc appears confused.
The orc is engulfed in noxious fumes.
The orc appears confused.
Casting: Mephitic Cloud (extremely dangerous; 28% risk of failure)
Confirm with . or Enter, or press ? or * to list all spells.
You don't know that spell.
You hit the orc priest.
The orc priest is lightly wounded.
The orc priest looks satisfied for a moment.
Unknown command.
Casting: Mephitic Cloud (extremely dangerous; 28% risk of failure)
Confirm with . or Enter, or press ? or * to list all spells.
A shadowy apparition takes form in the air.
The orc priest barely misses you.
Your magical contamination has completely faded away.
Unknown command.
You closely miss the orc priest.
The orc priest is lightly wounded.
The orc priest hits you with a +0 mace.
Your shadow imp gestures at the orc priest.
The orc priest writhes in agony.
Unknown command.
Your shadow imp barely misses the orc priest.
You hit the orc priest.
The orc priest is moderately wounded.
The orc priest mumbles some strange prayers to Beogh against you.
Beogh smites you!
Ouch! That really hurt!
You die...

######.....# #..## ...........#
#...#### ## ...........##
####....#.## #.
............######..........+ ..
...................###.....## ##.
............................###.o
####....#.#.....:.###........#..o
..........##......# ##...........
..........##<...@.# ##...##......
...........#)####o###..#.........
...........#.####5..#.#####......
...........).........5.).5o......
...........#...####...##.)..#####
.......<...##...)....##..#..)##..
...........#......#........⌠....≈
.<.........#..#.....######.....≈.
#####..##..#..#.#..#######...≈.≈.


You could see Grinder, an orc priest (ally target) and a friendly shadow imp
(summoned).

Vanquished Creatures
  An ogre (D:4)
  A hound skeleton (D:4)
  2 adders
  2 worms
  2 dart slugs
  4 orcs
  7 ball pythons
  5 endoplasms
  4 giant cockroaches
  4 hobgoblins
  5 jackals
  4 quokkas
  3 bats
  3 frilled lizards
  9 goblins
  3 kobolds
  5 rats
64 creatures vanquished.

Vanquished Creatures (collateral kills)
  A phantom (D:4)
1 creature vanquished.

Grand Total: 65 creatures vanquished

Notes
Turn   | Place    | Note
-------+----------+-------------------------------------------
     0 | D:1      | pokeman the Deep Elf Hedge Wizard began the quest for the
                  | Orb.
     0 | D:1      | Reached XP level 1. HP: 10/10 MP: 7/7
    34 | D:1      | Found Tuej's Jewellery Emporium.
   298 | D:1      | Reached XP level 2. HP: 13/15 MP: 6/9
  1004 | D:1      | Reached skill level 5 in Spellcasting
  1567 | D:2      | Reached XP level 3. HP: 20/20 MP: 7/11
  1700 | D:2      | Found Kios's Antique Armour Shoppe.
  1705 | D:2      | Learned a level 3 spell: Mephitic Cloud
  1708 | D:2      | Learned a level 2 spell: Call Imp
  1711 | D:2      | Learned a level 2 spell: Blink
  1715 | D:2      | Learned a level 3 spell: Conjure Flame
  2697 | D:3      | Reached skill level 1 in Armour
  2903 | D:3      | Reached skill level 1 in Fighting
  3706 | D:3      | Reached XP level 4. HP: 25/25 MP: 7/13
  4020 | D:4      | Noticed an ogre
  4030 | D:4      | Killed an ogre
  4031 | D:4      | Reached skill level 1 in Shields
  4031 | D:4      | Reached skill level 6 in Spellcasting
  4031 | D:4      | Reached XP level 5. HP: 26/29 MP: 4/15
  4326 | D:4      | Found an ancient bone altar of Kikubaaqudgha.
  4336 | D:4      | Noticed Robin
  4379 | D:4      | Noticed a phantom
  4778 | D:4      | Killed a phantom
  4779 | D:4      | Reached skill level 1 in Fire Magic
  5063 | D:4      | Noticed Grinder
  5072 | D:4      | Killed from afar by an orc priest

Illustrated notes

Levels and vault maps discovered:
D:1:      co_arrival_square_in_a_square_in_a_square, layout_loops_corners,
          serial_shops, shop, corexii_item_surrounded_by_moat
D:2:      layout_basic, serial_shops, shop_fountains, interstate_on_off,
          hex_medium
D:3:      layout_loops_corners
D:4:      layout_rooms, kiku_gazebo_pond_becter, minmay_misc_feat_secret_circle,
          nrook_uturn, minmay_fractal_squares_gapless_5, uniq_robin,
          uniq_grinder

Skill      XL: |  1  2  3  4  5 |
---------------+----------------+-----
Spellcasting   | 5 6 |  6.6
Conjurations   | 2 3 |  3.0
Armour         | 1 |  1.0
Fighting       | 1 |  1.0
Dodging        | 3 |  3.0
Shields        | 1 |  1.0
Stealth        | 3 |  3.0
Fire Magic     | 1 |  1.0
Summonings     | |  1.1
Translocations | |  1.1

Action                   |  1- 3 |  4- 6 || total
-------------------------+-------+-------++-------
Melee: Dagger            |    11 |    13 ||    24
 Cast: Magic Dart        |   143 |    66 ||   209
       Blink             |    18 |     3 ||    21
       Mephitic Cloud    |       |     4 ||     4
       Conjure Flame     |       |     2 ||     2
       Call Imp          |       |     3 ||     3
Armor: Leather armour    |     9 |     5 ||    14
Dodge: Dodged            |    25 |    19 ||    44

Table legend: (Time is in decaauts)
 A = Elapsed time spent in this place.
 B = Non-inter-level travel time spent in this place.
 C = Inter-level travel time spent in this place.
 D = Time resting spent in this place.
 E = Time spent auto-exploring this place.
 F = Levels seen in this place.
 G = Mean time per level.
                   A        B        C        D        E       F      G
               +--------+--------+--------+--------+--------+-----+--------+
         Total |   5076 |   4774 |    302 |    720 |   3484 |   4 | 1269.0 |
       Dungeon |   5076 |   4774 |    302 |    720 |   3484 |   4 | 1269.0 |
               +--------+--------+--------+--------+--------+-----+--------+

Top non-repeatable levels by time:
     D:1: 1837 daAuts
     D:3: 1695 daAuts
     D:2: 823 daAuts
     D:4: 719 daAuts
